 Dungeon Crawl Stone Soup version 0.30.0-19-g36f170ea60 (webtiles) character file.

Game seed: 14637844850523281235

11 Irreverend the Insei (level 2, 0/21 HPs)
             Began as a Demonspawn Transmuter on May 27, 2023.
             Slain by a ball python (3 damage)
             ... on level 1 of the Dungeon.
             The game lasted 00:00:33 (209 turns).

Irreverend the Insei (Demonspawn Transmuter)         Turns: 209, Time: 00:00:34

Health: 0/21       AC:  2    Str: 10    XL:     2   Next: 13%
Magic:  4/5        EV: 12    Int: 14    God:
Gold:   14         SH:  0    Dex: 13    Spells: 4/5 levels left

rFire   . .          .
                       - Unarmed
rCold   . . .        (no shield)
rNeg    . . .        a - +0 robe
rPois   .            (helmet currently unavailable)
rElec   .            (no cloak)
rCorr   .            (no gloves)
SInv    .            (boots currently unavailable)
Will    .....        (no amulet)
Stlth   +            (no ring)
HPRegen 0.23/turn    (no ring)
MPRegen 0.09/turn

%: no passive effects
@: appendages (expiring)
A: talons 2, horns 1
a: End Transformation


You were on level 1 of the Dungeon.
You had temporarily grown beastly talons.
You visited 1 branch of the dungeon, and saw 1 of its levels.

You collected 14 gold pieces.

Inventory:

Armour
 a - a +0 robe (worn)
Scrolls
 c - a scroll of enchant armour {unknown}
 d - a scroll of summoning {unknown}
Potions
 b - a potion of lignification


   Skills:
 + Level 1.2 Fighting
 + Level 2.0 Dodging
 * Level 3.0 Unarmed Combat
 - Level 2.0 Spellcasting
 + Level 2.0 Transmutations


You had 4 spell levels left.
You knew the following spells:

 Your Spells              Type           Power      Damage    Failure   Level
a - Beastly Appendage     Tmut           14%        N/A       11%         1

Your spell library contained the following spells:

 Spells                   Type           Power      Damage    Failure   Level
 Wereblood                Tmut           7%         N/A       16%         2
 Spider Form              Tmut/Pois      4%         N/A       43%         3
 Ice Form                 Ice/Tmut       4%         N/A       83%         4


Dungeon Overview and Level Annotations

Branches:
Dungeon (1/15)

Altars:


Innate Abilities, Weirdness & Mutations

You have temporarily grown beastly talons.
You have a pair of small horns on your head.


Message History

The endoplasm attacks as you move away! The endoplasm closely misses you.
The bat barely misses you.
Your horns disappear.
Your talons disappear.
The endoplasm jiggles.
You hit the giant cockroach.
The giant cockroach is almost dead.
The giant cockroach completely misses you.
You hit the giant cockroach.
You kill the giant cockroach!
You have reached level 2!
Your demonic ancestry asserts itself...
A pair of horns grows on your head!
Casting: Beastly Appendage (safe; 11% risk of failure)
Confirm with . or Enter, or press ? or * to list all spells.
Your feet morph into talons.
You hit the rat.
The rat is heavily wounded.
The rat bites you.
* * * LOW HITPOINT WARNING * * *
You hit the rat.
You kill the rat!
Your transformation is almost over.
You hit the endoplasm. You claw the endoplasm.
You kill the endoplasm!
The bat hits you.
* * * LOW HITPOINT WARNING * * *
Your Dodging skill increases to level 2!
The bat barely misses you.
You see here a rat corpse.
You hit the bat.
You kill the bat!
Your Unarmed Combat skill increases to level 3!
Your Transmutations skill increases to level 2!
You closely miss the ball python. Your kick misses the ball python.
The ball python is severely wounded.
The ball python completely misses you. The ball python misses you.
You closely miss the ball python.
The ball python is severely wounded.
The ball python bites you.
You die...

....######.#####.....
....######.....#...######
....#...................#
#####...........#.......#
#...................###
########+#.#...........
#.###.........
#.####.)#..#..
#..@S......# #######....#
...># ###.# ~.PP~~PP~# .#
~.PP~~P.~# # ~♣P♣~~♣P~#
~PPP~~♣♣~# ~~~~~~PP~#####


You could see a ball python.

Vanquished Creatures
  2 endoplasms (D:1)
  A giant cockroach (D:1)
  2 hobgoblins (D:1)
  A ball python (D:1)
  A bat (D:1)
  2 frilled lizards (D:1)
  A kobold (D:1)
  A rat (D:1)
11 creatures vanquished.

Notes
Turn   | Place    | Note
-------+----------+-------------------------------------------
     0 | D:1      | Irreverend the Demonspawn Transmuter began the quest for
                  | the Orb.
     0 | D:1      | Reached XP level 1. HP: 15/15 MP: 3/3
   201 | D:1      | Gained mutation: You have a pair of small horns on your
                  | head. [demonic ancestry]
   201 | D:1      | Reached XP level 2. HP: 5/21 MP: 5/5
   208 | D:1      | Reached skill level 3 in Unarmed Combat
   209 | D:1      | Slain by a ball python

Illustrated notes

Levels and vault maps discovered:
D:1:      lightli_arrival_farm, layout_basic

Skill      XL: |  1  2 |
---------------+-------+-----
Dodging        | 2 |  2.0
Unarmed Combat | 3 |  3.0
Transmutations | 2 |  2.0
Fighting       | |  1.2
Spellcasting   | |  2.0

Action                     || total
---------------------------++-------
  Melee: Unarmed           ||    28
         Kick              ||     4
         Headbutt          ||     3
   Cast: Beastly Appendage ||     6
 Armour: Robe              ||    10
  Dodge: Dodged            ||    27
